 Dungeon Crawl Stone Soup version 0.30-a0-715-gdb4ae3ece1 (webtiles) character file.

Game seed: 15619982177446706710

1136 snackwell the Chiller (level 8, -4/66 (73) HPs)
             Began as a Meteoran Transmuter on Jan 24, 2023.
             Was an Initiate of Okawaru.
             Slain by a wight
             ... wielding a +0 hand axe
              (6 damage)
             ... on level 6 of the Dungeon.
             The game lasted 00:28:44 (2895 turns).

snackwell the Chiller (Meteoran Transmuter)         Turns: 2895, Time: 00:28:45

HP:   -4/66 (73)    AC:  8    Str: 13    XL:     8   Next: 94%
MP:   14/14         EV: 10    Int: 16    God:    Okawaru [......]
Gold: 18            SH:  0    Dex: 14    Spells: 6/13 levels left

rFire   x . .      SeeInvis .      - Unarmed
rCold   + + +      Faith    .    (shield currently unavailable)
rNeg    . . .      Spirit   .    (body armour currently unavailable)
rPois   +          Reflect  .    (helmet currently unavailable)
rElec   .          Harm     .    (cloak currently unavailable)
rCorr   .          Rampage  .    (gloves currently unavailable)
Will    .....                    (boots currently unavailable)
Stlth   +                        x - amulet of magic regeneration
HPRegen 0.31/turn                (no ring)
MPRegen 0.54/turn                (no ring)

@: ice-form (expiring), weak-willed, glowing, drained
A: freezing attack, amphibious, boosted hp, large, sense surroundings 1,
otherworldly, glowing, explore regen, mutation resistance 1
a: End Transformation, Renounce Religion


You were on level 6 of the Dungeon.
You worshipped Okawaru.
Okawaru was noncommittal.
You were a creature of crystalline ice.
You visited 2 branches of the dungeon, and saw 8 of its levels.

You collected 187 gold pieces.
You spent 169 gold pieces at shops.

Inventory:

Hand Weapons
 a - a +1 sling (melded)
   (You found it on level 3 of the Dungeon)
 c - a +0 spear
   (You took it off a gnoll on level 1 of the Dungeon)
 t - a +0 flail
   (You took it off a gnoll on level 2 of the Dungeon)
Missiles
 b - 2 javelins
 j - 2 throwing nets
 y - 4 boomerangs
 G - 5 boomerangs of dispersal
Armour
 k - a +0 ring mail
   (You found it on level 1 of the Dungeon)
 r - a +0 robe (melded)
 s - a +1 cloak
   (You found it on level 2 of the Dungeon)
 E - a scarf of repulsion (melded)
   (You found it on level 5 of the Dungeon)
 F - a +0 buckler
   (You found it on level 5 of the Dungeon)
Magical Staves
 p - a staff of poison
   (You found it on level 3 of the Dungeon)
Jewellery
 x - an amulet of magic regeneration (around neck)
   (You found it on level 5 of the Dungeon)
Wands
 e - a wand of flame (12)
   (You found it on level 4 of the Dungeon)
Scrolls
 d - a scroll of noise
 i - a scroll of magic mapping
 n - a scroll of immolation
 v - a scroll of amnesia
Potions
 g - 2 potions of mutation
 l - a potion of magic
 o - a potion of lignification
 q - a potion of brilliance
 D - 2 potions of flight {unknown}


   Skills:
 - Level 2.0 Fighting
 - Level 2.4 Dodging
 - Level 4.2 Unarmed Combat
 - Level 3.4 Spellcasting
 + Level 6.9 Transmutations
 * Level 7.9 Ice Magic


You had 6 spell levels left.
You knew the following spells:

 Your Spells              Type           Power      Damage    Failure   Level
a - Beastly Appendage     Tmut           48%        N/A       1%          1
b - Wereblood             Tmut           24%        N/A       1%          2
c - Ice Form              Ice/Tmut       26%        N/A       9%          4

Your spell library contained the following spells:

 Spells                   Type           Power      Damage    Failure   Level
 Spider Form              Tmut/Pois      13%        N/A       13%         3
 Foxfire                  Conj/Fire      8%         2x1d4     19%         1
 Fireball                 Conj/Fire      1%         3d3       99%         5
 Starburst                Conj/Fire      1%         6d3       100%        6
 Orb of Destruction       Conj           1%         9d5       100%        7
 Summon Guardian Golem    Hex/Summ       Unusable   N/A       N/A         3
 Spellforged Servitor     Conj/Summ      Unusable   N/A       N/A         7

Dungeon Overview and Level Annotations

Branches:
Dungeon (7/15) Zot: 1413   Temple (1/1) D:6 Zot: 549

Altars:
Cheibriados
Kikubaaqudgha
Nemelex Xobeh
Okawaru
Trog
Uskayaw
Vehumet
Wu Jian
Xom
Yredelemnul
Zin
The Shining One

Shops:
D:5 !

Annotations:
D:6 Menkaure


Innate Abilities, Weirdness & Mutations

You are a creature of crystalline ice.
You have a powerful freezing melee attack.
You are amphibious.
Your maximum health is increased.
Your armour is entirely melded.
You are incapable of wielding weapons or throwing items.
You passively map a small area around you.
You are easily found by Zot.
You glow in the dark.
You regain HP and MP as you explore.
You are somewhat resistant to further mutation.


Message History

The orc hits you but does no damage. Menkaure hits you but does no damage.
As you read the scroll labelled HUXKAA TEXZIX, it crumbles to dust.
You assume a fearsome visage.
Menkaure is unaffected.
The orc looks frightened!
The wight is unaffected.
The wight is unaffected.
The wight is unaffected.
It was a scroll of fear.
The wight closely misses you. The wight hits you with a +0 dagger.
You feel drained. Menkaure barely misses you.
Unknown command.
Unknown command.
Unknown command.
Unknown command.
Unknown command.
As you read the scroll labelled ICHIPE LOESTRU, it crumbles to dust.
Wisps of shadow whirl around you...
The shadows disperse without effect.
It was a scroll of summoning.
The wight hits you from afar with a +2 halberd of freezing!
* * * LOW HITPOINT WARNING * * *
Menkaure barely misses you.
Unknown command.
Unknown command.
Unknown command.
Unknown command.
Unknown command.
Unknown command.
As you read the scroll labelled LYLEAMA GUXOE, it crumbles to dust.
It is a scroll of enchant armour.
Your +0 cloak glows green for a moment.
The wight hits you with a +0 hand axe!
* * * LOW HITPOINT WARNING * * *
The wight hits you from afar with a +2 halberd of freezing!
* * * LOW HITPOINT WARNING * * *
The wight barely misses you.
Unknown command.
Unknown command.
Unknown command.
Really quaff the potion of lignification?
Okay, then.
Unknown command.
You feel better.
The wight hits you from afar with a +2 halberd of freezing!
* * * LOW HITPOINT WARNING * * *
The wight freezes you.
* * * LOW HITPOINT WARNING * * *
The wight hits you with a +0 dagger.
* * * LOW HITPOINT WARNING * * *
You feel drained. The wight hits you with a +0 hand axe.
You die...

...........###.####
########.$.#......#
# #.#.)......#.# *
#.#'#'#.####.#*
#.......# ..# ,
#.......# .o.# , *
##.....z##...+, ,
#.....zz....# *
#.....MY....#,
#.....#####.#
#.....# * ####### *
* , * * , , *


You could see Menkaure (weak-willed), 3 wights and an orc (fleeing,
weak-willed).

Vanquished Creatures
  An ice beast (D:6)
  An ogre (D:5)
  A centaur (D:6)
  A phantom (D:5)
  A necrophage (D:5)
  A scorpion (D:5)
  A wight (D:6)
  2 jellies (D:5)
  3 orc priests
  4 hounds
  A bullfrog skeleton (D:4)
  2 iguanas (D:5)
  An orc wizard (D:4)
  2 hound zombies (D:4)
  A howler monkey zombie (D:4)
  9 gnolls
  2 adders
  A white imp (D:5)
  An adder skeleton (D:4)
  2 adder zombies (D:4)
  2 worms
  A dart slug (D:1)
  21 orcs
  6 ball pythons
  7 bats
  3 endoplasms
  4 giant cockroaches
  A goblin (D:2)
  5 hobgoblins
  2 jackals (D:1)
  2 quokkas (D:2)
  5 frilled lizards
  A jackal zombie (D:4)
  8 kobolds
  A quokka zombie (D:4)
  6 rats
113 creatures vanquished.

Vanquished Creatures (others)
  6 withered plants (D:4)
6 creatures vanquished.

Grand Total: 119 creatures vanquished

Notes
Turn   | Place    | Note
-------+----------+-------------------------------------------
     0 | D:1      | snackwell the Meteoran Transmuter began the quest for the
                  | Orb.
     0 | D:1      | Reached XP level 1. HP: 16/16 MP: 5/5
    31 | D:1      | Reached XP level 2. HP: 23/23 MP: 7/7
   121 | D:1      | Learned a level 2 spell: Wereblood
   173 | D:1      | Noticed a great orb of eyes
   175 | D:1      | Found a faded altar of an unknown god.
   179 | D:1      | Noticed a great orb of eyes
   179 | D:1      | Noticed a golden eye
   179 | D:1      | Noticed a shining eye
   207 | D:1      | Reached XP level 3. HP: 26/28 MP: 6/8
   448 | D:1      | Reached XP level 4. HP: 36/36 MP: 8/10
   609 | D:2      | Learned a level 4 spell: Ice Form
   997 | D:2      | Reached skill level 1 in Ice Magic
  1162 | D:3      | Reached XP level 5. HP: 40/41 MP: 8/11
  1338 | D:3      | Found an ancient bone altar of Kikubaaqudgha.
  1476 | D:3      | Gained mutation: Your mind is acute. (Int +4, Str/Dex -1)
                  | [potion of mutation]
  1476 | D:3      | Lost mutation: Your mind is acute. (Int +4, Str/Dex -1)
                  | [potion of mutation]
  1476 | D:3      | Gained mutation: You are somewhat resistant to further
                  | mutation. [potion of mutation]
  1487 | D:3      | Reached skill level 2 in Ice Magic
  1633 | D:5      | Entered Level 5 of the Dungeon
  1659 | D:4      | Reached skill level 3 in Ice Magic
  1660 | D:4      | Reached XP level 6. HP: 43/48 MP: 9/12
  1792 | D:4      | Reached skill level 4 in Ice Magic
  1801 | D:4      | Found a glowing golden altar of the Shining One.
  1996 | D:4      | Reached XP level 7. HP: 33/55 MP: 10/13
  2142 | D:5      | Reached skill level 5 in Transmutations
  2156 | D:5      | Found a glowing silver altar of Zin.
  2190 | D:5      | Reached skill level 5 in Ice Magic
  2375 | D:5      | Reached skill level 6 in Ice Magic
  2375 | D:5      | Reached XP level 8. HP: 61/61 MP: 14/14
  2384 | D:5      | Found Ciqeby's Distillery.
  2390 | D:5      | Bought a potion of heal wounds for 65 gold pieces
  2390 | D:5      | Bought a potion of mutation for 104 gold pieces
  2603 | D:6      | Reached skill level 7 in Ice Magic
  2603 | D:6      | Found a staircase to the Ecumenical Temple.
  2621 | Temple   | Entered the Ecumenical Temple
  2646 | Temple   | Became a worshipper of Warmaster Okawaru
  2745 | D:6      | Found a snail-covered altar of Cheibriados.
  2887 | D:7      | Noticed Menkaure
  2895 | D:6      | HP: 2/68 [wight/+0 dagger (4)]
  2895 | D:6      | Slain by a wight

Illustrated notes

Levels and vault maps discovered:
D:1:      wander_arrival_abandoned_jail, layout_basic,
          hellmonk_ecumenical_altar_watching_god
D:2:      minmay_diamond_boxcup, layout_basic, chequers_garden
D:3:      layout_loops_corners, amcnicky_altar_gilded
D:4:      layout_loops_corners, tso_altar, serial_undead, serial_undead_c,
          serial_undead_f, serial_undead_f, serial_undead_e, serial_undead_c,
          serial_undead_b, serial_undead_a, serial_undead_b, serial_undead_e,
          serial_undead_b
D:5:      layout_loops_ring, zin_academy, serial_shops, kennysheep_little_box
D:6:      layout_basic, nicolae_overflow_hidden_temple,
          minmay_temple_entry_slanted
D:7:      cheibrodos_fertilizer, layout_basic, minmay_misc_feat_tower,
          uniq_menkaure, uniq_pikel
Temple:   regret_index_temple_sphere_string

Skill      XL: |  1  2  3  4  5  6  7  8 |
---------------+-------------------------+-----
Spellcasting   | 3 |  3.4
Unarmed Combat | 4 |  4.2
Transmutations | 3 4 5 6 |  6.9
Fighting       | 2 |  2.0
Ice Magic      | 1 3 4 6 7 |  7.9
Dodging        | |  2.4

Action                     |  1- 3 |  4- 6 |  7- 9 || total
---------------------------+-------+-------+-------++-------
  Melee: Unarmed           |    62 |   166 |    98 ||   326
         Kick              |    14 |    49 |    10 ||    73
         Headbutt          |     3 |    24 |     9 ||    36
         Punch             |     1 |     1 |     1 ||     3
   Fire: Sling             |       |     5 |     2 ||     7
   Cast: Beastly Appendage |    12 |    21 |     6 ||    39
         Wereblood         |     1 |     8 |     6 ||    15
         Ice Form          |       |       |     8 ||     8
    Use: Potion            |     1 |     5 |     2 ||     8
         Scroll            |       |     9 |     8 ||    17
 Armour: Robe              |    18 |    33 |     3 ||    54
         Skin              |       |       |    23 ||    23
  Dodge: Dodged            |    27 |    67 |    54 ||   148

Table legend: (Time is in decaauts)
 A = Elapsed time spent in this place.
 B = Non-inter-level travel time spent in this place.
 C = Inter-level travel time spent in this place.
 D = Time resting spent in this place.
 E = Time spent auto-exploring this place.
 F = Levels seen in this place.
 G = Mean time per level.
                   A        B        C        D        E       F      G
               +--------+--------+--------+--------+--------+-----+--------+
         Total |   2835 |   2661 |    174 |     44 |      5 |   8 |  354.4 |
       Dungeon |   2785 |   2635 |    150 |     44 |      5 |   7 |  397.9 |
        Temple |     50 |     26 |     24 |      0 |      0 |   1 |   50.0 |
               +--------+--------+--------+--------+--------+-----+--------+

Top non-repeatable levels by time:
     D:4: 537 daAuts
     D:2: 530 daAuts
     D:3: 514 daAuts
     D:1: 498 daAuts
     D:5: 413 daAuts
     D:6: 290 daAuts
  Temple: 50 daAuts
     D:7: 1 daAuts
